| TOP OF THE 1ST |
|
Montgomery Rebels batting - Pitching for Columbus Skeeters : LHP Jeffrey Harryman
|
|
Pitching: LHP Jeffrey Harryman
|
|
|
Batting: LHB Chris Stropolo
|
0-0: Foul Ball, location: 2F 0-1: Ball 1-1: Ball 2-1: Ball 3-1: Called Strike 3-2: Fly out, F8 (Flyball, 8LS, EV 96.9 MPH)
|
|
Batting: RHB Jeff Schumaker
|
0-0: Ball 1-0: Foul Ball, location: 2F 1-1: Ground out 5-3 (Groundball, 5, EV 78.8 MPH)
|
|
Batting: RHB Nate Tria
|
0-0: Ball 1-0: Called Strike 1-1: DOUBLE (Line Drive, 89D, EV 105.0 MPH)
|
|
Batting: LHB Dwayne Murphy
|
0-0: Ball 1-0: Called Strike 1-1: Foul Ball, location: 2F 1-2: Strikes out swinging
|
| Top of the 1st over - 0 runs, 1 hit, 0 errors, 1 left on base; Montgomery 0 - Columbus 0 |
| BOTTOM OF THE 1ST |
|
Columbus Skeeters batting - Pitching for Montgomery Rebels : LHP Shane Rawley
|
|
Pitching: LHP Shane Rawley
|
|
|
Batting: RHB Randolph Ebersberger
|
0-0: Ball 1-0: Called Strike 1-1: Foul Ball, location: 2F 1-2: Strikes out swinging
|
|
Batting: RHB Heri Ramirez
|
0-0: Called Strike 0-1: Ball 1-1: Called Strike 1-2: Ball 2-2: Strikes out looking
|
|
Batting: LHB Sam Horn
|
0-0: Fly out, F5 (Flyball, 5D, EV 83.1 MPH)
|
| Bottom of the 1st over - 0 runs, 0 hits, 0 errors, 0 left on base; Montgomery 0 - Columbus 0 |
| TOP OF THE 2ND |
|
Montgomery Rebels batting - Pitching for Columbus Skeeters : LHP Jeffrey Harryman
|
|
Batting: RHB Roberto Palacios
|
0-0: Swinging Strike 0-1: SINGLE (Line Drive, 8LS, EV 110.6 MPH)
|
|
Batting: SHB Arthur Fischetti
|
0-0: Grounds into double play, 6-4-3 (Groundball, 6, EV 90.0 MPH)
|
|
Batting: LHB Ray Crowley
|
0-0: Called Strike 0-1: Swinging Strike 0-2: Strikes out looking
|
| Top of the 2nd over - 0 runs, 1 hit, 0 errors, 0 left on base; Montgomery 0 - Columbus 0 |
| BOTTOM OF THE 2ND |
|
Columbus Skeeters batting - Pitching for Montgomery Rebels : LHP Shane Rawley
|
|
Batting: RHB Venoy Garrison
|
0-0: Ball 1-0: SOLO HOME RUN (Flyball, 78XD, EV 102.5 MPH), Distance : 409 ft
|
|
Batting: LHB John Weller
|
0-0: Fly out, F7 (Flyball, 7D, EV 85.0 MPH)
|
|
Batting: RHB Danny Sheaffer
|
0-0: Ball 1-0: Ground out 6-3 (Groundball, 56D, EV 100.6 MPH)
|
|
Batting: LHB Jay Erdahl
|
0-0: Ball 1-0: Ball 2-0: Foul Ball, location: 2F 2-1: Ball 3-1: Reached via error on a dropped throw from 2B, E3 (Groundball, 4M, EV 85.0 MPH)
|
|
Batting: RHB Gregory Pastors
|
0-0: Called Strike 0-1: Fielders Choice at 2nd, 6-4 (Groundball, 6, EV 88.1 MPH)
|
| Bottom of the 2nd over - 1 run, 1 hit, 1 error, 1 left on base; Montgomery 0 - Columbus 1 |
| TOP OF THE 3RD |
|
Montgomery Rebels batting - Pitching for Columbus Skeeters : LHP Jeffrey Harryman
|
|
Batting: RHB Mike Colbern
|
0-0: Ground out 5-3 (Groundball, 56S, EV 88.8 MPH)
|
|
Batting: SHB Mike Thorpe
|
0-0: Called Strike 0-1: Ball 1-1: Ball 2-1: Ball 3-1: Ground out 3-1 (Groundball, 34, EV 100.0 MPH)
|
|
Batting: LHB Chris Stropolo
|
0-0: Called Strike 0-1: Ball 1-1: Swinging Strike 1-2: Ball 2-2: Strikes out swinging
|
| Top of the 3rd over - 0 runs, 0 hits, 0 errors, 0 left on base; Montgomery 0 - Columbus 1 |
| BOTTOM OF THE 3RD |
|
Columbus Skeeters batting - Pitching for Montgomery Rebels : LHP Shane Rawley
|
|
Batting: SHB Mike Howard
|
0-0: Ball 1-0: Called Strike 1-1: Ball 2-1: Ball 3-1: Called Strike 3-2: Strikes out swinging
|
|
Batting: RHB Randolph Ebersberger
|
0-0: Ball 1-0: Swinging Strike 1-1: Called Strike 1-2: Ball 2-2: Ball 3-2: Strikes out swinging
|
|
Batting: RHB Heri Ramirez
|
0-0: Called Strike 0-1: Ground out 5-3 (Groundball, 56S, EV 88.8 MPH)
|
| Bottom of the 3rd over - 0 runs, 0 hits, 0 errors, 0 left on base; Montgomery 0 - Columbus 1 |
| TOP OF THE 4TH |
|
Montgomery Rebels batting - Pitching for Columbus Skeeters : LHP Jeffrey Harryman
|
|
Batting: RHB Jeff Schumaker
|
0-0: Swinging Strike 0-1: Ball 1-1: Called Strike 1-2: Ball 2-2: SINGLE (Groundball, 56D, EV 109.4 MPH)
|
|
Batting: RHB Nate Tria
|
0-0: Ball 1-0: Foul Ball, location: 2F 1-1: Swinging Strike 1-2: Ball 2-2: Strikes out swinging
|
|
Batting: LHB Dwayne Murphy
|
0-0: Ball 1-0: Ball 2-0: Reached on error, E7 (Flyball, 78M, EV 91.9 MPH) Jeff Schumaker to second
|
|
Batting: RHB Roberto Palacios
|
0-0: Ball 1-0: Called Strike 1-1: Ball 2-1: Ball 3-1: Base on Balls Jeff Schumaker to third Dwayne Murphy to second
|
|
Batting: SHB Arthur Fischetti
|
0-0: DOUBLE (Flyball, 8LXD, EV 110.0 MPH) Jeff Schumaker scores Dwayne Murphy scores Roberto Palacios to third
|
|
Batting: LHB Ray Crowley
|
0-0: Ball 1-0: Ball 2-0: Called Strike 2-1: Called Strike 2-2: Strikes out looking
|
|
Batting: RHB Mike Colbern
|
0-0: Fly out, F6 (Flyball, 56D, EV 98.1 MPH)
|
| Top of the 4th over - 2 runs, 2 hits, 1 error, 2 left on base; Montgomery 2 - Columbus 1 |
| BOTTOM OF THE 4TH |
|
Columbus Skeeters batting - Pitching for Montgomery Rebels : LHP Shane Rawley
|
|
Batting: LHB Sam Horn
|
0-0: Foul Ball, location: 2F 0-1: Ball 1-1: Ball 2-1: Called Strike 2-2: Fly out, F7 (Flyball, 7LS, EV 88.1 MPH)
|
|
Batting: RHB Venoy Garrison
|
0-0: Swinging Strike 0-1: Foul Ball, location: 2F 0-2: Ball 1-2: Ball 2-2: Ground out 5-3 (Groundball, 56S, EV 68.8 MPH)
|
|
Batting: LHB John Weller
|
0-0: Ball 1-0: Ball 2-0: Ball 3-0: Base on Balls
|
|
Batting: RHB Danny Sheaffer
|
0-0: Ball 1-0: Ball 2-0: Foul Ball, location: 2F 2-1: Fly out, F9 (Line Drive, 9, EV 98.8 MPH)
|
| Bottom of the 4th over - 0 runs, 0 hits, 0 errors, 1 left on base; Montgomery 2 - Columbus 1 |
| TOP OF THE 5TH |
|
Montgomery Rebels batting - Pitching for Columbus Skeeters : LHP Jeffrey Harryman
|
|
Batting: SHB Mike Thorpe
|
0-0: Swinging Strike 0-1: Ball 1-1: Fly out, F3 (Line Drive, 3, EV 66.3 MPH)
|
|
Batting: LHB Chris Stropolo
|
0-0: Hit by Pitch
|
|
Batting: RHB Jeff Schumaker
|
0-0: Ball 1-0: Ball 2-0: Called Strike 2-1: Ball 3-1: Fly out, F7 (Flyball, 78D, EV 101.9 MPH)
|
|
Batting: RHB Nate Tria
|
0-0: Ball 1-0: Ball 2-0: Foul Ball, location: 2F 2-1: Called Strike 2-2: Ball Passed Ball! Chris Stropolo to second 3-2: Fly out, F8 (Line Drive, 8LD, EV 87.5 MPH)
|
| Top of the 5th over - 0 runs, 0 hits, 0 errors, 1 left on base; Montgomery 2 - Columbus 1 |
| BOTTOM OF THE 5TH |
|
Columbus Skeeters batting - Pitching for Montgomery Rebels : LHP Shane Rawley
|
|
Batting: LHB Jay Erdahl
|
0-0: Ball 1-0: Ball 2-0: Called Strike 2-1: Ground out 4-3 (Groundball, 34, EV 103.8 MPH)
|
|
Batting: RHB Gregory Pastors
|
0-0: Called Strike 0-1: Ball 1-1: Ground out 6-3 (Groundball, 6, EV 83.8 MPH)
|
|
Batting: SHB Mike Howard
|
0-0: Foul Ball, location: 2F 0-1: Ground out 1-3 (Groundball, 34S, EV 72.5 MPH)
|
| Bottom of the 5th over - 0 runs, 0 hits, 0 errors, 0 left on base; Montgomery 2 - Columbus 1 |
| TOP OF THE 6TH |
|
Montgomery Rebels batting - Pitching for Columbus Skeeters : LHP Jeffrey Harryman
|
|
Batting: LHB Dwayne Murphy
|
0-0: Foul Ball, location: 2F 0-1: Ground out 4-3 (Groundball, 4, EV 110.6 MPH)
|
|
Batting: RHB Roberto Palacios
|
0-0: Foul Ball, location: 2F 0-1: Called Strike 0-2: Foul Ball, location: 2F 0-2: Strikes out swinging
|
|
Batting: SHB Arthur Fischetti
|
0-0: Called Strike 0-1: Called Strike 0-2: SINGLE (Groundball, 6M, EV 96.9 MPH)
|
|
Batting: LHB Ray Crowley
|
0-0: Foul Ball, location: 2F 0-1: Ball Arthur Fischetti steals 2nd base 1-1: Called Strike 1-2: Foul Ball, location: 2F 1-2: Ball 2-2: Fly out, F9 (Flyball, 9, EV 78.8 MPH)
|
| Top of the 6th over - 0 runs, 1 hit, 0 errors, 1 left on base; Montgomery 2 - Columbus 1 |
| BOTTOM OF THE 6TH |
|
Columbus Skeeters batting - Pitching for Montgomery Rebels : LHP Shane Rawley
|
|
Batting: RHB Randolph Ebersberger
|
0-0: Swinging Strike 0-1: SINGLE (Groundball, 34D, EV 109.4 MPH)
|
|
Batting: RHB Heri Ramirez
|
0-0: Ball 1-0: Sac Bunt to 13 - play at first, batter OUT! 1-4 Randolph Ebersberger to second
|
|
Batting: LHB Sam Horn
|
0-0: Called Strike 0-1: Ball 1-1: Called Strike 1-2: Ball Wild Pitch! Randolph Ebersberger to third 2-2: Strikes out looking
|
|
Batting: RHB Venoy Garrison
|
0-0: Ball 1-0: Called Strike 1-1: Fly out, F8 (Line Drive, 8LM, EV 90.0 MPH)
|
| Bottom of the 6th over - 0 runs, 1 hit, 0 errors, 1 left on base; Montgomery 2 - Columbus 1 |
| TOP OF THE 7TH |
|
Montgomery Rebels batting - Pitching for Columbus Skeeters : LHP Jeffrey Harryman
|
|
Batting: RHB Mike Colbern
|
0-0: Called Strike 0-1: Ball 1-1: Ball 2-1: Fly out, F4 (Popup, 13, EV 75.6 MPH)
|
|
Batting: SHB Mike Thorpe
|
0-0: Ball 1-0: Fly out, F8 (Flyball, 78D, EV 108.1 MPH)
|
|
Batting: LHB Chris Stropolo
|
0-0: Swinging Strike 0-1: Ball 1-1: Ball 2-1: Ball 3-1: Base on Balls
|
|
Batting: RHB Jeff Schumaker
|
0-0: Ground out 4-3 (Groundball, 4MS, EV 81.9 MPH)
|
| Top of the 7th over - 0 runs, 0 hits, 0 errors, 1 left on base; Montgomery 2 - Columbus 1 |
| BOTTOM OF THE 7TH |
|
Columbus Skeeters batting - Pitching for Montgomery Rebels : LHP Shane Rawley
|
|
Batting: LHB John Weller
|
0-0: Fly out, F7 (Flyball, 7LS, EV 95.6 MPH)
|
|
Batting: RHB Danny Sheaffer
|
0-0: Foul Ball, location: 2F 0-1: Called Strike 0-2: Ball 1-2: Strikes out looking
|
|
Batting: LHB Jay Erdahl
|
0-0: Ground out 4-3 (Groundball, 4, EV 88.1 MPH)
|
| Bottom of the 7th over - 0 runs, 0 hits, 0 errors, 0 left on base; Montgomery 2 - Columbus 1 |
| TOP OF THE 8TH |
|
Montgomery Rebels batting - Pitching for Columbus Skeeters : LHP Jeffrey Harryman
|
|
Batting: RHB Nate Tria
|
0-0: Ball 1-0: Ball 2-0: Ball 3-0: Called Strike 3-1: Base on Balls
|
|
Batting: LHB Dwayne Murphy
|
0-0: Ball 1-0: Swinging Strike 1-1: Ball 2-1: Foul Ball, location: 2F 2-2: Foul Ball, location: 2F 2-2: Foul Ball, location: 2F 2-2: Ground out 5-3 (Groundball, 56S, EV 78.8 MPH) Nate Tria to second
|
|
Batting: RHB Roberto Palacios
|
0-0: SINGLE (Groundball, 4MD, EV 98.1 MPH) Nate Tria to third
|
|
Batting: SHB Arthur Fischetti
|
0-0: Called Strike 0-1: Fly out, F9 (Flyball, 89XD, EV 106.3 MPH) Runner from 3rd tags up, SCORES, no throw by RF
|
|
Batting: LHB Ray Crowley
|
0-0: Ball 1-0: Ball 2-0: Ball 3-0: Base on Balls Roberto Palacios to second
|
|
Batting: RHB Mike Colbern
|
0-0: Foul Ball, location: 2F 0-1: Fly out, F8 (Flyball, 8RS, EV 84.4 MPH)
|
| Top of the 8th over - 1 run, 1 hit, 0 errors, 2 left on base; Montgomery 3 - Columbus 1 |
| BOTTOM OF THE 8TH |
|
Columbus Skeeters batting - Pitching for Montgomery Rebels : LHP Shane Rawley
|
|
Batting: RHB Gregory Pastors
|
0-0: Ball 1-0: Foul Ball, location: 2F 1-1: Foul Ball, location: 2F 1-2: Ground out 6-3 (Groundball, 6M, EV 88.1 MPH)
|
|
Batting: SHB Mike Howard
|
0-0: Ball 1-0: SINGLE (Groundball, 56S, EV 66.3 MPH) (infield hit)
|
|
Batting: RHB Randolph Ebersberger
|
0-0: Swinging Strike 0-1: Ball 1-1: Ball 2-1: Called Strike 2-2: Ball 3-2: Base on Balls Mike Howard to second
|
|
Batting: RHB Heri Ramirez
|
0-0: Ball 1-0: Ball 2-0: Foul Ball, location: 2F 2-1: Foul Ball, location: 2F 2-2: Grounds into double play, 5-4-3 (Groundball, 5, EV 90.0 MPH)
|
| Bottom of the 8th over - 0 runs, 1 hit, 0 errors, 1 left on base; Montgomery 3 - Columbus 1 |
| TOP OF THE 9TH |
|
Montgomery Rebels batting - Pitching for Columbus Skeeters : LHP Jeffrey Harryman
|
|
Batting: SHB Mike Thorpe
|
0-0: Foul Ball, location: 2F 0-1: Ball 1-1: Ground out 5-3 (Groundball, 56, EV 88.8 MPH)
|
|
Batting: LHB Chris Stropolo
|
0-0: Called Strike 0-1: Foul Ball, location: 2F 0-2: Strikes out swinging
|
|
Batting: RHB Jeff Schumaker
|
0-0: Foul Ball, location: 2F 0-1: Ball 1-1: Ball 2-1: Fly out, F8 (Flyball, 8RS, EV 85.0 MPH)
|
| Top of the 9th over - 0 runs, 0 hits, 0 errors, 0 left on base; Montgomery 3 - Columbus 1 |
| BOTTOM OF THE 9TH |
|
Columbus Skeeters batting - Pitching for Montgomery Rebels : LHP Shane Rawley
|
|
Pitching: RHP Mackasey Lee
|
|
|
Batting: LHB Sam Horn
|
0-0: Called Strike 0-1: Called Strike 0-2: Fly out, F9 (Flyball, 9S, EV 93.8 MPH)
|
|
Batting: RHB Venoy Garrison
|
0-0: Ground out 5-3 (Groundball, 56, EV 88.1 MPH)
|
|
Batting: LHB John Weller
|
0-0: Foul Ball, location: 2F 0-1: Ball 1-1: Ball 2-1: Fly out, F8 (Flyball, 8LM, EV 85.0 MPH)
|
| Bottom of the 9th over - 0 runs, 0 hits, 0 errors, 0 left on base; Montgomery 3 - Columbus 1 |
|